 Dungeon Crawl Stone Soup version 0.23-a0-473-gc8aadda (webtiles) character file.

23 theanonym the Skirmisher (level 2, 0/24 HPs)
             Began as a Mummy Warper on Nov 28, 2018.
             Killed from afar by Natasha (8 damage)
             ... with a magic dart
             ... on level 2 of the Dungeon.
             The game lasted 00:01:55 (1499 turns).

theanonym the Skirmisher (Mummy Warper)             Turns: 1499, Time: 00:01:56

Health: 0/24       AC:  3    Str: 14    XL:     2   Next: 75%
Magic:  5/5        EV: 11    Int: 12    God:
Gold:   31         SH:  0    Dex: 11    Spells: 6/6 levels left

rFire    x . .     SeeInvis .   a - +0 short sword
rCold    + . .     Gourm    .   (no shield)
rNeg     + + +     Faith    .   b - +0 leather armour
rPois    ∞         Spirit   .   (no helmet)
rElec    .         Reflect  .   (no cloak)
rCorr    +         Harm     .   (no gloves)
MR       .....                  (no boots)
Stlth    +.........             (no amulet)
HPRegen  0.08/turn              h - ring of resist corrosion
MPRegen  0.09/turn              (no ring)

@: no status effects
A: no food or potions, fire vulnerability, cold resistance 1, negative energy
resistance 3, torment resistance, unbreathing
a: no special abilities


Innate Abilities, Weirdness & Mutations

You do not eat or drink.
Your flesh is vulnerable to fire.
You are immune to poison.
Your flesh is cold resistant. (rC+)
You are immune to negative energy. (rN+++)
You are immune to unholy pain and torment.
You can survive without breathing.


   Skills:
 + Level 3.3 Fighting
 - Level 1.5 Short Blades
 - Level 0.7 Throwing
 - Level 0.7 Armour
 - Level 1.5 Dodging
 - Level 2.6 Spellcasting
   Level 2.4 Translocations


You had 6 spell levels left.
You didn't know any spells.
Your spell library contained the following spells:

 Spells                   Type           Power        Failure   Level  Hunger
 Blink                    Tloc           N/A          19%         2    N/A
 Shroud of Golubria       Chrm/Tloc      #.........   30%         2    N/A
 Gell's Gravitas          Tloc           #.........   34%         3    N/A
 Lesser Beckoning         Tloc           #.........   34%         3    N/A
 Teleport Other           Tloc           #.......     34%         3    N/A
 Passage of Golubria      Tloc           N/A          75%         4    N/A

Skill      XL: |  1  2 |
---------------+-------+-----
Fighting       | 3 |  3.3
Short Blades   | |  1.5
Throwing       | |  0.7
Armour         | |  0.7
Dodging        | |  1.5
Spellcasting   | |  2.6
Translocations | |  2.4

Action                   || total
-------------------------++-------
Melee: Short sword       ||    84
  Use: Scroll            ||     3
Armor: Leather armour    ||    20
Dodge: Dodged            ||    41

Inventory:

Hand Weapons
 a - a +0 short sword (weapon)
Missiles
 e - 5 tomahawks of dispersal (quivered)
Armour
 b - a +0 leather armour (worn)
Jewellery
 h - a ring of resist corrosion (left hand)
   (You found it on level 2 of the Dungeon)
Scrolls
 g - a scroll of enchant armour
 n - a scroll of remove curse
 r - 3 scrolls of identify
 B - a scroll of blinking


You were on level 2 of the Dungeon.
You were not hungry.

You visited 1 branch of the dungeon, and saw 2 of its levels.

You collected 31 gold pieces.

Dungeon Overview and Level Annotations

Branches:
Dungeon (2/15)

Altars:
Nemelex Xobeh
Ru
Zin

Annotations:
D:2 Natasha

###....#...###...
#....#...# #.[.
#....#...# #...
#....#...# ####
#########....#####
#............#
#............#
#####
##.....)......#
.....
.......@##.####
..... .......h##(#
..... ........##.#
..... ........##.#
..... ........# .#
..... ........#
..... ........#
..... .........
..... #####


You could see Natasha.

Notes
Turn   | Place    | Note
-------+----------+-------------------------------------------
     0 | D:1      | theanonym the Mummy Warper began the quest for the Orb.
     0 | D:1      | Reached XP level 1. HP: 16/16 MP: 4/4
   185 | D:1      | HP: 8/16 [jackal (1)]
   500 | D:1      | Reached XP level 2. HP: 23/23 MP: 5/5
   619 | D:1      | Reached skill level 3 in Fighting
   883 | D:2      | Found a sacrificial altar of Ru.
   883 | D:2      | Found a glowing silver altar of Zin.
   884 | D:2      | Found a sparkling altar of Nemelex Xobeh.
   991 | D:2      | HP: 5/24 [worm (8)]
  1368 | D:2      | Found a faded altar of an unknown god.
  1487 | D:2      | Noticed Natasha
  1498 | D:2      | HP: 8/24 [Natasha/magic dart (6)]
  1499 | D:2      | Killed from afar by Natasha

Vanquished Creatures
  3 dart slugs
  A ball python (D:2)
  3 bats
  A giant cockroach (D:1)
  A goblin (D:2)
  2 hobgoblins
  2 jackals (D:1)
  2 kobolds (D:2)
  2 rats (D:1)
17 creatures vanquished.

Table legend:
 A = Turns spent in this place as a percentage of turns spent in the entire game.
 B = Non-inter-level travel turns spent in this place as a percentage of non-inter-level travel turns spent in the entire game.
 C = Inter-level travel turns spent in this place as a percentage of turns spent in this place.
 D = Turns resting spent in this place as a percentage of non-inter-level travel turns spent in this place.
 E = Turns spent auto-exploring this place as a percentage of non-inter-level travel turns spent in this place.
 F = Non-inter-level travel turns spent in this place divided by the number of levels of this place that you've seen.
                   A       B       C       D       E      F
               +-------+-------+-------+-------+-------+----------------------
         Total | 100.0 | 100.0 |   1.8 |  31.0 |  55.2 | 736.0
       Dungeon | 100.0 | 100.0 |   1.8 |  31.0 |  55.2 | 736.0
               +-------+-------+-------+-------+-------+----------------------
